 Dungeon Crawl Stone Soup version 0.23-a0-586-gacb4b3f (console) character file.

9135 Duffy the Cleaver (level 11, -2/104 HPs)
             Began as a Naga Gladiator on Dec 19, 2018.
             Was an Elder of the Shining One.
             Killed from afar by a gargoyle (21 damage)
             ... with a stone arrow
             ... on level 10 of the Dungeon.
             The game lasted 00:17:10 (12169 turns).

Duffy the Cleaver (Naga Gladiator)                 Turns: 12169, Time: 00:17:11

Health: -2/104     AC: 25    Str: 20    XL:     11   Next: 41%
Magic:  13/13      EV: 12    Int:  9    God:    the Shining One [****..]
Gold:   607        SH:  0    Dex: 17    Spells: 10/10 levels left

rFire    . . .     SeeInvis +   a - +0 war axe
rCold    . . .     Gourm    .   (no shield)
rNeg     + + .     Faith    .   C - +0 scale mail
rPois    +         Spirit   .   j - +2 helmet
rElec    .         Reflect  .   E - +0 cloak
rCorr    .         Harm     .   h - +0 pair of gloves
MR       ++...                  g - +0 naga barding
Stlth    +.........             F - amulet of the acrobat
HPRegen  0.27/turn              N - ring of protection from magic
MPRegen  0.13/turn              v - +5 ring of protection

@: agile, glowing, very slow
A: large, see invisible, deformed body, poison resistance, slowness 2, slow
metabolism 1, spit poison 1, AC +3
a: Spit Poison, Divine Shield, Cleansing Flame, Renounce Religion


You were on level 10 of the Dungeon.
You worshipped the Shining One.
The Shining One was greatly pleased with you.
You were not hungry.

You visited 2 branches of the dungeon, and saw 12 of its levels.
You also visited: Ossuary.

You collected 607 gold pieces.

Inventory:

Hand Weapons
 a - a +0 war axe (weapon)
 x - a +1 dagger of electrocution
 R - a +1 flail of crushing
Missiles
 d - 3 throwing nets (quivered)
Armour
 g - a +0 naga barding (worn)
 h - a +0 pair of gloves (worn)
 j - a +2 helmet (worn)
 r - a +0 shield
 t - a +0 chain mail
 C - a +0 scale mail (worn)
 E - a +0 cloak (worn)
 J - a +0 plate armour
Jewellery
 u - an uncursed ring of protection from fire
 v - a +5 ring of protection (right hand)
 y - an uncursed ring of ice
 D - an uncursed ring of protection from magic
 F - an amulet of the acrobat (around neck)
 H - an uncursed ring of fire
 I - a +1 ring of evasion
 N - a ring of protection from magic (left hand)
 Q - an uncursed ring of resist corrosion
Wands
 n - a wand of disintegration (1)
 O - a wand of polymorph (1)
 S - a wand of paralysis (6)
Scrolls
 b - 4 scrolls of teleportation
 e - 7 scrolls of remove curse
 i - a scroll of magic mapping {unknown}
 m - a scroll of torment {unknown}
 q - 3 scrolls of blinking {unknown}
 s - a scroll of fog {unknown}
 w - a scroll of vulnerability {unknown}
 G - 2 scrolls of enchant weapon {unknown}
 K - a scroll of noise {unknown}
 M - a scroll of enchant armour {unknown}
Potions
 c - 2 potions of heal wounds
 k - a potion of haste
 l - 7 potions of curing
 o - 2 potions of mutation
 z - 3 potions of brilliance
 A - 2 potions of resistance
 B - 2 potions of berserk rage
 L - a potion of flight
 P - 2 potions of cancellation
 T - a potion of magic
Comestibles
 f - 22 rations
 U - a chunk of flesh


   Skills:
 - Level 8.3 Fighting
 - Level 11.0 Axes
 - Level 1.7 Throwing
 - Level 8.5 Armour
 - Level 2.4 Dodging
 + Level 3.6 Invocations
 + Level 3.2 Evocations


You had 10 spell levels left.
You didn't know any spells.
Your spell library contained the following spells:

 Spells                   Type           Power        Failure   Level  Hunger
 Beastly Appendage        Tmut           #.....       69%         1    ##.....
 Corona                   Hex            #......      69%         1    ##.....
 Ensorcelled Hibernation  Hex/Ice        #.....       83%         2    ###....
 Sticks to Snakes         Tmut           #.......     83%         2    ###....
 Confuse                  Hex            #.......     96%         3    ####...
 Dazzling Spray           Conj/Hex       #.....       96%         3    ####...
 Spider Form              Tmut/Pois      #.........   96%         3    ####...
 Tukima's Dance           Hex            #.......     96%         3    ####...
 Ice Form                 Ice/Tmut       #.......     100%        4    #####..
 Blade Hands              Tmut           #.........   100%        5    ######.


Dungeon Overview and Level Annotations

Branches:
Dungeon (11/15)            Temple (1/1) D:5
   Lair: D:8-11         Orc: D:9-12

Altars:
Ashenzari
Cheibriados
Dithmenos
Elyvilon
Fedhas
Gozag
Hepliaklqana
Kikubaaqudgha
Makhleb
Nemelex Xobeh
Okawaru
Qazlal
Ru
Sif Muna
Trog
Uskayaw
Vehumet
Wu Jian
Xom
Yredelemnul
Zin
The Shining One

Shops:
D:5 =


Innate Abilities, Weirdness & Mutations

You cannot wear boots.
Your serpentine skin is tough. (AC +3)
You have supernaturally acute eyesight. (SInv)
Armour fits poorly on your strangely shaped body.
Your system is resistant to poisons. (rPois)
You cover ground very slowly.
You have a slow metabolism.
You can spit poison.


Message History

You hit the gargoyle but do no damage.
The gargoyle is moderately damaged.
The gargoyle hurls a stone arrow at you.
The stone arrow hits you!
The gargoyle struggles against the net.
You feel much better.
You hit the gargoyle.
The gargoyle is heavily damaged.
The gargoyle hurls a stone arrow at you.
The stone arrow hits you!
The gargoyle struggles against the net.
The net rips apart, and the gargoyle comes free!
Okay, then.
You barely miss the gargoyle.
The gargoyle is heavily damaged.
You feel agile all of a sudden. The gargoyle barely misses you.
You slash the gargoyle!
The gargoyle is almost destroyed.
The gargoyle hurls a stone arrow at you.
The stone arrow hits you!
You die...

##### ....#
############ ....#
###..........# ....#
##............# ....#
#..#......9...#
....###.##.......@..#
....'...###.#########
....##### #...####
#'### ###....# #.#
####.### #.# #...#
#.# ########.#####
#.# #............#
#.# #............#


You could see a gargoyle.

Vanquished Creatures
  A two-headed ogre (D:9)
  A queen ant (D:10)
  Joseph (D:7)
  Psyche (D:9)
  A hippogriff (D:10)
  Sigmund (D:6)
  Eustachio (D:4)
  9 yaks
  Grum (D:8)
  Menkaure (D:5)
  4 soldier ants (D:10)
  3 ice beasts
  4 sky beasts
  A phantom (D:7)
  2 orc warriors
  2 ogres
  2 wolves (D:8)
  3 centaurs
  4 bullfrogs
  A water moccasin zombie (D:9)
  A wyvern skeleton (D:7)
  11 scorpions
  A water moccasin skeleton (D:6)
  3 killer bees (D:8)
  A howler monkey (D:4)
  7 crimson imps
  3 centaur zombies
  2 jellies
  A bullfrog zombie (D:9)
  4 orc wizards
  A hound (D:9)
  A human zombie (Ossuary)
  An orc priest (D:8)
  Crazy Yiuf (D:7)
  2 centaur skeletons
  4 iguanas
  26 worker ants
  A killer bee zombie (D:6)
  5 big kobold zombies (Ossuary)
  A hound skeleton (D:7)
  3 mummies (Ossuary)
  2 worker ant zombies
  Robin (D:2)
  5 gnolls
  12 adders
  6 scorpion zombies (Ossuary)
  2 oozes
  An adder skeleton (D:4)
  3 worms
  3 dart slugs
  9 leopard geckos
  21 orcs
  A ball python (D:2)
  3 giant cockroaches
  2 gnoll zombies (Ossuary)
  11 goblins
  10 hobgoblins
  3 kobolds
  4 quokkas
  7 bats
  2 frilled lizards
  A goblin zombie (Ossuary)
  2 hobgoblin zombies (Ossuary)
  3 kobold zombies (Ossuary)
  A leopard gecko skeleton (D:4)
  An orc zombie (Ossuary)
  A quokka skeleton (D:5)
  3 rats (D:1)
  A spectral orc (D:6)
245 creatures vanquished.

Notes
Turn   | Place    | Note
-------+----------+-------------------------------------------
     0 | D:1      | Duffy the Naga Gladiator began the quest for the Orb.
     0 | D:1      | Reached XP level 1. HP: 19/19 MP: 1/1
   102 | D:2      | Reached XP level 2. HP: 26/26 MP: 2/2
   166 | D:2      | Reached skill level 4 in Axes
   191 | D:2      | Noticed Robin
   196 | D:2      | Killed Robin
   196 | D:2      | Reached XP level 3. HP: 31/32 MP: 3/3
   408 | D:3      | Found an iron altar of Okawaru.
   419 | D:3      | Found a blossoming altar of Fedhas.
   479 | D:3      | Found a hide-covered altar of Uskayaw.
   492 | D:3      | Found a shadowy altar of Dithmenos.
   906 | D:1      | Reached XP level 4. HP: 39/39 MP: 4/4
   948 | D:1      | Reached skill level 1 in Armour
  2706 | D:4      | Reached skill level 5 in Axes
  2772 | D:4      | Reached XP level 5. HP: 43/45 MP: 5/5
  2973 | D:4      | Reached XP level 6. HP: 52/52 MP: 6/6
  3439 | D:4      | Noticed Eustachio
  3490 | D:4      | Killed Eustachio
  3490 | D:4      | Reached skill level 6 in Axes
  3490 | D:4      | Reached XP level 7. HP: 35/60 MP: 7/7
  3879 | D:5      | Entered Level 5 of the Dungeon
  4213 | D:5      | Found a staircase to the Ecumenical Temple.
  4224 | Temple   | Entered the Ecumenical Temple
  4337 | Temple   | Became a worshipper of the Shining One
  4466 | D:5      | Found Vitaoc's Jewellery Boutique.
  4502 | D:5      | Reached skill level 7 in Axes
  4674 | D:5      | Noticed Menkaure
  4683 | D:5      | Killed Menkaure
  4683 | D:5      | Reached XP level 8. HP: 59/67 MP: 8/8
  4783 | D:5      | Found a sparkling altar of Nemelex Xobeh.
  5265 | D:6      | Reached skill level 5 in Armour
  5273 | D:6      | Found a basalt altar of Yredelemnul.
  5290 | D:6      | Found a sand-covered staircase.
  5295 | Ossuary  | Entered an ossuary
  5317 | Ossuary  | Reached * piety under the Shining One
  5437 | Ossuary  | Reached ** piety under the Shining One
  5459 | Ossuary  | Reached skill level 8 in Axes
  5728 | Ossuary  | Reached XP level 9. HP: 78/78 MP: 9/9
  5965 | D:6      | Noticed Sigmund
  5969 | D:6      | Killed Sigmund
  6507 | D:7      | Reached *** piety under the Shining One
  6654 | D:7      | Reached skill level 9 in Axes
  6831 | D:7      | Noticed Joseph
  6853 | D:7      | Killed Joseph
  6853 | D:7      | Reached skill level 5 in Fighting
  7239 | D:7      | Found a runed door.
  7243 | D:7      | Noticed Crazy Yiuf
  7246 | D:7      | Killed Crazy Yiuf
  7693 | D:8      | HP: 3/82 [orc priest/divine providence (12)]
  8101 | D:8      | Reached XP level 10. HP: 76/91 MP: 10/10
  8499 | D:8      | Noticed Grum
  9536 | D:8      | Killed Grum
  9777 | D:9      | Reached skill level 10 in Axes
  9842 | D:9      | Noticed a two-headed ogre
  9856 | D:9      | Killed a two-headed ogre
 10087 | D:9      | Got a shimmering spear
 10088 | D:9      | Identified the +3 spear "Guhyecetamp" {drain, rPois Int-2
                  | Dex+2 Stlth+} (You found it on level 9 of the Dungeon)
 10303 | D:9      | Noticed Psyche
 10312 | D:9      | Killed Psyche
 10482 | D:10     | Entered Level 10 of the Dungeon
 11094 | D:10     | Reached XP level 11. HP: 88/103 MP: 11/11
 11114 | D:10     | Reached skill level 11 in Axes
 11276 | D:10     | Reached **** piety under the Shining One
 11546 | D:10     | Reached skill level 1 in Invocations
 11621 | D:10     | Noticed a queen ant
 11634 | D:10     | Reached skill level 1 in Evocations
 11649 | D:10     | Killed a queen ant
 12164 | D:10     | HP: 2/104 [gargoyle/stone arrow (19)]
 12169 | D:10     | Killed from afar by a gargoyle

Vault maps used:
D:1:      minmay_arrival_hallway
D:2:      hangedman_decor_growths, uniq_robin
D:3:      nicolae_overflow_quartered_altars, first_ration
D:4:      hangedman_abyss_or_decor_passed, uniq_eustachio
D:5:      minmay_temple_entry_large_hall, serial_shops, shop,
          nemelex_diamond_rough_becter, uniq_menkaure
D:6:      yredelemnul_forgotten_temple_becter, enter_ossuary_2,
          hangedman_decor_opposing, minmay_misc_feat_five, uniq_sigmund
D:7:      uniq_joseph, uniq_crazy_yiuf_cottage
D:8:      uniq_grum
D:9:      uniq_psyche
D:10:     grunt_pizzeria, minmay_another_anthill
D:11:     lair_entry_dummy
Temple:   minmay_crystal_spiral_temple
Ossuary:  ossuary_minmay_scorpions

Skill      XL: |  1  2  3  4  5  6  7  8  9 10 11 |
---------------+----------------------------------+-----
Axes           | 4 5 6 7 8 9 10 11 | 11.0
Armour         | 1 2 3 4 5 7 8 |  8.5
Fighting       | 3 6 8 |  8.3
Invocations    | 3 |  3.6
Evocations     | 3 |  3.2
Throwing       | |  1.7
Dodging        | |  2.4

Action                   |  1- 3 |  4- 6 |  7- 9 | 10-12 || total
-------------------------+-------+-------+-------+-------++-------
Melee: War axe           |    70 |   143 |   373 |   427 ||  1013
       Unarmed           |       |       |       |     6 ||     6
Throw: Throwing net      |       |       |     1 |     1 ||     2
 Abil: Spit Poison       |     9 |    16 |    12 |     8 ||    45
Evoke: Wand              |       |       |     5 |       ||     5
  Use: Scroll            |       |     5 |    10 |     4 ||    19
       Potion            |       |       |     3 |     3 ||     6
  Eat: Chunk             |       |     8 |    10 |     8 ||    26
       Ration            |       |       |     1 |     1 ||     2
Armor: Leather armour    |    33 |       |       |       ||    33
       Ring mail         |     7 |   151 |    31 |       ||   189
       Scale mail        |       |       |   238 |   245 ||   483
       Skin              |       |       |     5 |    17 ||    22
Dodge: Dodged            |    45 |    86 |   118 |   169 ||   418

Table legend:
 A = Non-vault XP
 B = Vault XP
 C = Vault XP percentage of total XP
 D = Non-vault monster count
 E = Vault monster count
 F = Vault count percentage of total count
                 A         B        C        D         E       F
            +---------+---------+-------+---------+---------+-------
      Total |    7953 |    5097 |  39.1 |     166 |      79 |  32.2
            +---------+---------+-------+---------+---------+-------
        D:1 |      49 |       0 |   0.0 |      18 |       0 |   0.0
        D:2 |      53 |      35 |  39.8 |      17 |      11 |  39.3
        D:3 |      20 |       0 |   0.0 |       5 |       0 |   0.0
        D:4 |     282 |     214 |  43.1 |      15 |       1 |   6.2
        D:5 |     591 |     172 |  22.5 |      18 |       1 |   5.3
        D:6 |     317 |     221 |  41.1 |      15 |       2 |  11.8
        D:7 |     803 |     515 |  39.1 |      16 |       2 |  11.1
        D:8 |     784 |     420 |  34.9 |      17 |       3 |  15.0
        D:9 |    2545 |     424 |  14.3 |      21 |       1 |   4.5
       D:10 |    2033 |    2221 |  52.2 |      22 |      25 |  53.2
       D:11 |     476 |       0 |   0.0 |       2 |       0 |   0.0
    Ossuary |       0 |     875 | 100.0 |       0 |      33 | 100.0
            +---------+---------+-------+---------+---------+-------
